Little Stars vs Moose
Created - January 5, 2022 at 20:58
Goals
|
| Little Stars |
1 |
3 |
1 |
5 |
| Moose |
0 |
2 |
0 |
2 |
|
Shots
|
| Little Stars |
6 |
22 |
10 |
38 |
| Moose |
12 |
16 |
10 |
38 |
|
1st period
1. Little Stars , Ilya Mikheyev 7 (Daniel O'regan 12, Jordan LaVallee 8) at 3:13
Penalties :
Daniel O'regan (Tex) for Interference (Minor) at 8:17, Tucker Poolman (Tex) for Roughing (Minor) at 19:29
2nd period
2. Little Stars , Matt Luff 3 (Ilya Mikheyev 7, Daniel O'regan 13) at 8:44
3. Little Stars , Ilya Mikheyev 8 (Daniel O'regan 14) at 9:30
4. Moose , Nikolay Goldobin 5 (Frank Vatrano 4, Troy Stetcher 8) at 13:56 (SH)
5. Little Stars , Henrik Borgstrom 6 (Tyler Wotherspoon 9, Sebastian Wannstrom 6) at 14:32 (PP)
6. Moose , Nathan Walker 7 (Frank Vatrano 5, Miro Aaltonen 10) at 16:33
Penalties :
Ludwig Bystrom (Man) for Hooking (Minor) at 13:42
3rd period
7. Little Stars , Adam Tambellini 4 (Henrik Borgstrom 7) at 7:28
Penalties :
Anton Cederholm (Tex) for Tripping (Minor) at 16:44
Goalie Stats
Connor Knapp (Tex), 36 saves from 38 shots - (0.947), W, 7-0-0, 60:00 minutes
Filip Gustavsson (Man), 33 saves from 38 shots - (0.868), L, 4-3-0, 60:00 minutes
Players Stats for Little Stars
Player Name G A P +/- PIM S H SB GA TA FO MP PP MP PK MP
------------------------------------------------------------------------------------
Adam Tambellini 1 0 1 0 0 3 0 1 1 0 0/1 17:13 0:31 2:26
Anton Cederholm 0 0 0 -1 2 1 1 2 0 2 0/0 27:09 0:50 2:32
Daniel O'regan 0 3 3 2 2 3 2 0 0 0 18/35 22:06 0:19 2:11
Eric Knodel 0 0 0 0 0 1 0 2 0 0 0/0 26:21 0:00 2:22
Henrik Borgstrom 1 1 2 0 0 1 2 1 1 0 4/12 15:59 0:31 1:19
Ilya Mikheyev 2 1 3 2 0 8 1 0 1 0 2/2 19:55 0:19 0:00
Jason Dickinson 0 0 0 -1 0 3 1 0 0 1 5/11 13:18 0:00 1:34
Joakim Nygard 0 0 0 -1 0 1 0 1 1 0 0/0 12:08 0:00 0:23
Jordan LaVallee 0 1 1 2 0 6 0 0 2 0 0/0 23:03 0:19 3:08
Matt Luff 1 0 1 1 0 1 1 0 0 0 0/0 7:36 0:00 0:00
Michael Mersch 0 0 0 1 0 1 0 0 1 1 0/0 7:36 0:00 0:00
Reece Willcox 0 0 0 1 0 2 1 0 1 1 0/0 19:16 0:00 2:05
Roman Horak 0 0 0 1 0 0 0 0 0 0 0/1 8:37 0:00 0:53
Sebastian Wannstrom 0 1 1 0 0 1 2 1 0 0 1/1 14:39 0:31 0:00
Tucker Poolman 0 0 0 1 2 0 3 1 0 0 0/0 17:53 0:00 0:53
Tyler Wotherspoon 0 1 1 1 0 3 1 1 2 1 0/0 16:39 0:50 3:35
Ville Pokka 0 0 0 2 0 1 0 0 0 0 0/0 12:48 0:00 0:27
Zach Budish 0 0 0 -1 0 2 3 2 1 0 0/0 11:44 0:00 0:00
Players Stats for Moose
Player Name G A P +/- PIM S H SB GA TA FO MP PP MP PK MP
------------------------------------------------------------------------------------
Andrew Mangiapane 0 0 0 -2 0 1 3 1 0 1 2/2 19:10 2:32 0:00
Carl Grundstrom 0 0 0 -1 0 0 2 1 0 0 0/0 9:59 0:00 0:00
Chase De Leo 0 0 0 0 0 1 0 0 1 0 1/4 12:23 0:00 0:00
Dominik Kahun 0 0 0 -2 0 5 1 0 0 0 16/30 19:10 2:32 0:00
Erik Cernak 0 0 0 1 0 1 1 2 0 2 0/0 15:55 0:00 0:50
Frank Vatrano 0 2 2 1 0 7 3 1 0 1 1/1 18:18 3:15 0:50
Iiro Pakarinen 0 0 0 -2 0 2 1 0 0 0 0/1 19:10 2:32 0:00
Ludwig Bystrom 0 0 0 -1 2 2 0 1 2 1 0/0 20:36 1:40 0:00
Matthew Benning 0 0 0 0 0 0 0 0 0 1 0/0 14:56 0:00 0:00
Mirco Mueller 0 0 0 -2 0 3 0 1 0 0 0/0 21:38 1:40 0:00
Miro Aaltonen 0 1 1 0 0 3 1 2 2 0 11/19 17:31 3:24 0:00
Nathan Walker 1 0 1 0 0 3 2 0 0 0 0/0 17:31 3:24 0:00
Nikolay Goldobin 1 0 1 1 0 2 0 1 0 0 0/2 13:13 0:00 0:50
Oskar Lindblom 0 0 0 0 0 1 0 0 0 0 1/1 12:30 0:01 0:00
Pierre-Luc Dubois 0 0 0 -1 0 0 1 1 0 1 0/0 10:15 0:11 0:00
Rem Pitlick 0 0 0 -1 0 0 0 1 1 0 1/3 9:59 0:00 0:00
Troy Stetcher 0 1 1 -1 0 4 1 1 0 1 0/0 24:27 4:17 0:50
Vladislav Gavrikov 0 0 0 -1 0 3 0 1 0 3 0/0 22:27 4:17 0:00
3 Stars
1 - Ilya Mikheyev (Tex)
2 - Daniel O'regan (Tex)
3 - Connor Knapp (Tex)
Power Play
Little Stars - 1 on 2 Attempt(s) - 50.00%
Moose - 0 on 2 Attempt(s) - 0.00%
Penalty Kill
Little Stars - 2 on 2 Attempt(s) - 100.00%
- Score 0 goal in Penalty Kill
Moose - 1 on 2 Attempt(s) - 50.00%
- Score 1 goal in Penalty Kill
Team Stat
Little Stars - Hits : 18 - Faceoff Wins : 30 - Blocked Shots : 12 - Penalty Minutes : 6
Moose - Hits : 16 - Faceoff Wins : 33 - Blocked Shots : 14 - Penalty Minutes : 2
Official
Referees : Kendrick Nicholson and Jon McIsaac
Linesman : Derek Nansen and Ryan Gibbons
Game Notes
2:00 of 3rd period - Penalty Shot by Vladislav Gavrikov for Moose - Shot Misses the Net
Finance
Level 1 -- Attendance: 1895 (94.75%) -- Ticket Income $66,325
Level 2 -- Attendance: 871 (87.10%) -- Ticket Income $13,065
Total Attendance: 2766 (92.20%)
Total Ticket Income: $79,390
Other Income: $3,970
Total Income: $83,360
Little Stars
5 vs 5 Forward
Center Left Wing Right Wing Time % Phy DF OF
1 Daniel O'regan Jordan LaVallee Ilya Mikheyev 40 1 2 2
2 Henrik Borgstrom Adam Tambellini Sebastian Wannstrom 30 1 2 2
3 Jason Dickinson Joakim Nygard Zach Budish 20 1 2 2
4 Roman Horak Michael Mersch Matt Luff 10 1 2 2
5 vs 5 Defense
Defense Defense Time % Phy DF OF
1 Anton Cederholm Eric Knodel 40 1 2 2
2 Reece Willcox Tucker Poolman 30 1 2 2
3 Ville Pokka Tyler Wotherspoon 20 1 2 2
4 Anton Cederholm Eric Knodel 10 1 2 2
PowerPlay Forward
Center Left Wing Right Wing Time % Phy DF OF
1 Daniel O'regan Jordan LaVallee Ilya Mikheyev 60 1 2 2
2 Henrik Borgstrom Adam Tambellini Sebastian Wannstrom 40 1 2 2
PowerPlay Defense
Defense Defense Time % Phy DF OF
1 Anton Cederholm Tyler Wotherspoon 60 1 2 2
2 Reece Willcox Eric Knodel 40 1 2 2
Penalty Kill 4 Players Forward
Center Wing Time % Phy DF OF
1 Daniel O'regan Jordan LaVallee 60 1 2 2
2 Henrik Borgstrom Adam Tambellini 40 1 2 2
Penalty Kill 4 Players Defense
Defense Defense Time % Phy DF OF
1 Anton Cederholm Tyler Wotherspoon 60 1 2 2
2 Reece Willcox Eric Knodel 40 1 2 2
Penalty Kill - 3 Players Forward
Forward Time % Phy DF OF
1 Daniel O'regan 60 1 2 2
2 Henrik Borgstrom 40 1 2 2
Penalty Kill - 3 Players Defense
Defense Defense Time % Phy DF OF
1 Anton Cederholm Tyler Wotherspoon 60 1 2 2
2 Reece Willcox Eric Knodel 40 1 2 2
4 vs 4 Forward
Center Wing Time % Phy DF OF
1 Daniel O'regan Jordan LaVallee 60 1 2 2
2 Henrik Borgstrom Adam Tambellini 40 1 2 2
4 vs 4 Defense
Defense Defense Time % Phy DF OF
1 Anton Cederholm Tyler Wotherspoon 60 1 2 2
2 Reece Willcox Eric Knodel 40 1 2 2
Last Minutes Offensive
Center Left Wing Right Wing Defense Defense
Daniel O'regan Jordan LaVallee Ilya Mikheyev Anton Cederholm Tyler Wotherspoon
Last Minutes Defensive
Center Left Wing Right Wing Defense Defense
Daniel O'regan Jordan LaVallee Ilya Mikheyev Anton Cederholm Tyler Wotherspoon
Goaltenders
Starting : Connor Knapp
Backup : Dustin Tokarski
Extra Forwards
Normal : Daniel O'regan, Sebastian Wannstrom, Zach Budish - PP : Daniel O'regan, Sebastian Wannstrom - PK : Daniel O'regan
Extra Defensemen
Normal : Tucker Poolman, Ville Pokka, Tyler Wotherspoon - PP : Tucker Poolman - PK : Tucker Poolman, Ville Pokka
Penalty Shots
Jordan LaVallee, Ilya Mikheyev, Adam Tambellini, Joakim Nygard, Daniel O'regan
Scratches
Daniil Tarasov (Healthy), Emile Poirier (Healthy), Jean-Christophe Beaudin (Healthy), Justin Auger (Healthy), Lawrence Pilut (Healthy)
Radel Fazleev (Healthy), Rudolfs Balcers (Healthy), Shane Gersich (Healthy), Yakov Trenin (Healthy), Frederic Allard (Healthy)
Joey Anderson (Healthy), Jonathan Dahlen (Healthy), Givani Smith (Healthy)
Moose
5 vs 5 Forward
Center Left Wing Right Wing Time % Phy DF OF
1 Dominik Kahun Andrew Mangiapane Iiro Pakarinen 35 1 1 3
2 Miro Aaltonen Nathan Walker Frank Vatrano 30 1 1 3
3 Chase De Leo Oskar Lindblom Nikolay Goldobin 20 1 2 2
4 Rem Pitlick Pierre-Luc Dubois Carl Grundstrom 15 1 1 3
5 vs 5 Defense
Defense Defense Time % Phy DF OF
1 Troy Stetcher Mirco Mueller 40 1 2 2
2 Vladislav Gavrikov Ludwig Bystrom 35 1 2 2
3 Erik Cernak Matthew Benning 25 1 2 2
4 Erik Cernak Troy Stetcher 0 1 2 2
PowerPlay Forward
Center Left Wing Right Wing Time % Phy DF OF
1 Miro Aaltonen Nathan Walker Frank Vatrano 60 0 0 5
2 Dominik Kahun Andrew Mangiapane Iiro Pakarinen 40 0 0 5
PowerPlay Defense
Defense Defense Time % Phy DF OF
1 Vladislav Gavrikov Troy Stetcher 60 0 1 4
2 Ludwig Bystrom Mirco Mueller 40 0 1 4
Penalty Kill 4 Players Forward
Center Wing Time % Phy DF OF
1 Nikolay Goldobin Frank Vatrano 60 0 4 1
2 Nathan Walker Andrew Mangiapane 40 0 4 1
Penalty Kill 4 Players Defense
Defense Defense Time % Phy DF OF
1 Erik Cernak Troy Stetcher 60 0 5 0
2 Ludwig Bystrom Vladislav Gavrikov 40 0 5 0
Penalty Kill - 3 Players Forward
Forward Time % Phy DF OF
1 Frank Vatrano 60 0 4 1
2 Nikolay Goldobin 40 0 4 1
Penalty Kill - 3 Players Defense
Defense Defense Time % Phy DF OF
1 Ludwig Bystrom Troy Stetcher 60 0 5 0
2 Mirco Mueller Vladislav Gavrikov 40 0 5 0
4 vs 4 Forward
Center Wing Time % Phy DF OF
1 Dominik Kahun Iiro Pakarinen 60 1 2 2
2 Miro Aaltonen Andrew Mangiapane 40 1 2 2
4 vs 4 Defense
Defense Defense Time % Phy DF OF
1 Erik Cernak Troy Stetcher 60 1 2 2
2 Ludwig Bystrom Matthew Benning 40 1 2 2
Last Minutes Offensive
Center Left Wing Right Wing Defense Defense
Miro Aaltonen Andrew Mangiapane Nikolay Goldobin Mirco Mueller Troy Stetcher
Last Minutes Defensive
Center Left Wing Right Wing Defense Defense
Miro Aaltonen Nathan Walker Frank Vatrano Mirco Mueller Troy Stetcher
Goaltenders
Starting : Filip Gustavsson
Backup : Emil Larmi
Extra Forwards
Normal : Nathan Walker, Pierre-Luc Dubois, Carl Grundstrom - PP : Nathan Walker, Pierre-Luc Dubois - PK : Iiro Pakarinen
Extra Defensemen
Normal : Erik Cernak, Troy Stetcher, Matthew Benning - PP : Ludwig Bystrom - PK : Erik Cernak, Ludwig Bystrom
Penalty Shots
Nikolay Goldobin, Miro Aaltonen, Andrew Mangiapane, Nathan Walker, Erik Cernak
Scratches
David Kase (Healthy), Jeremy Bracco (Healthy), Jesse Graham (Healthy), Mitchell Stephens (Healthy), Sami Niku (Healthy)
Michael McLeod (Sore Right Knee Injury), Julien Gauthier (Healthy), Trevor Moore (Healthy), Josh Mahura (Healthy), Max Jones (Healthy)
Nathan Bastian (Healthy), Tim Gettinger (Healthy), Joey Daccord (Healthy), Magnus Hellberg (Healthy)
% Time on Ice - Little Stars
Lines # - Real PCT - Wanted PCT - Time Play
Normal Forward
1 - 37% - 40% - 19:44
2 - 27% - 30% - 14:09
3 - 22% - 20% - 11:44
4 - 14% - 10% - 7:36
Normal Defense
1 - 39% - 40% - 20:36
2 - 32% - 30% - 17:11
3 - 23% - 20% - 12:14
4 - 6% - 10% - 3:12
PP Forward
1 - 38% - 60% - 0:19
2 - 62% - 40% - 0:31
PP Defense
1 - 100% - 60% - 0:50
2 - 0% - 40% - 0:00
PK Forward
1 - 81% - 60% - 4:50
2 - 19% - 40% - 1:07
PK Defense
1 - 65% - 60% - 3:52
2 - 35% - 40% - 2:05
PK3 Forward
1 - 0% - 60%
2 - 0% - 40%
PK3 Defense
1 - 0% - 60%
2 - 0% - 40%
44 Forward
1 - 0% - 60%
2 - 0% - 40%
44 Defense
1 - 0% - 60%
2 - 0% - 40%
Last Minute Offensive - 0:00
Last Minute Defensive - 0:00
Total
Forward - 60:00
Defense - 60:00
|
% Time on Ice - Moose
Lines # - Real PCT - Wanted PCT - Time Play
Normal Forward
1 - 31% - 35% - 16:44
2 - 27% - 30% - 14:07
3 - 23% - 20% - 12:23
4 - 19% - 15% - 9:59
Normal Defense
1 - 38% - 40% - 20:23
2 - 34% - 35% - 17:54
3 - 28% - 25% - 14:56
4 - 0% - 0% - 0:00
PP Forward
1 - 57% - 60% - 3:25
2 - 43% - 40% - 2:32
PP Defense
1 - 72% - 60% - 4:17
2 - 28% - 40% - 1:40
PK Forward
1 - 100% - 60% - 0:50
2 - 0% - 40% - 0:00
PK Defense
1 - 100% - 60% - 0:50
2 - 0% - 40% - 0:00
PK3 Forward
1 - 0% - 60%
2 - 0% - 40%
PK3 Defense
1 - 0% - 60%
2 - 0% - 40%
44 Forward
1 - 0% - 60%
2 - 0% - 40%
44 Defense
1 - 0% - 60%
2 - 0% - 40%
Last Minute Offensive - 0:00
Last Minute Defensive - 0:00
Total
Forward - 60:00
Defense - 60:00
|
Play-by-Play
1st period
0:01 of 1st period - Dominik Kahun wins face-off versus Daniel O'regan in neutral zone.
0:12 of 1st period - Snap shot by Troy Stetcher.
0:12 of 1st period - Deflect By Ilya Mikheyev.
0:12 of 1st period - Stopped by Connor Knapp without a rebound.
0:13 of 1st period - Miro Aaltonen wins face-off versus Henrik Borgstrom in Little Stars zone.
0:16 of 1st period - Snap shot by Frank Vatrano.
0:16 of 1st period - Stopped by Connor Knapp with a rebound.
0:28 of 1st period - Backhand shot by Frank Vatrano.
0:28 of 1st period - Stopped by Connor Knapp with a rebound.
0:47 of 1st period - Wrist shot by Jason Dickinson.
0:47 of 1st period - Shot Misses the Net.
0:49 of 1st period - Slapshot by Reece Willcox.
0:49 of 1st period - Shot Misses the Net.
0:51 of 1st period - Slapshot by Reece Willcox.
0:51 of 1st period - Stopped by Filip Gustavsson with a rebound.
1:28 of 1st period - Mirco Mueller is hit by Matt Luff and loses puck.
1:45 of 1st period - Ville Pokka is hit by Nathan Walker and loses puck.
1:50 of 1st period - Snap shot by Nathan Walker.
1:50 of 1st period - Stopped by Connor Knapp with a rebound.
1:52 of 1st period - Slapshot by Vladislav Gavrikov.
1:52 of 1st period - Stopped by Connor Knapp with a rebound.
2:13 of 1st period - Icing by Zach Budish.
2:14 of 1st period - Andrew Mangiapane wins face-off versus Jason Dickinson in Little Stars zone.
2:15 of 1st period - Snap shot by Iiro Pakarinen.
2:15 of 1st period - Shot Blocked by Zach Budish.
3:11 of 1st period - Slapshot by Daniel O'regan.
3:11 of 1st period - Deflect By Ilya Mikheyev.
3:11 of 1st period - Stopped by Filip Gustavsson with a rebound.
3:13 of 1st period - Wrist shot by Ilya Mikheyev.
3:13 of 1st period - Goal by Ilya Mikheyev - Little Stars : 1 - Moose : 0.
3:14 of 1st period - Daniel O'regan wins face-off versus Dominik Kahun in neutral zone.
3:29 of 1st period - Wrist shot by Andrew Mangiapane.
3:29 of 1st period - Stopped by Connor Knapp with a rebound.
5:09 of 1st period - Troy Stetcher is hit by Reece Willcox.
5:47 of 1st period - Wrist shot by Jordan LaVallee.
5:47 of 1st period - Stopped by Filip Gustavsson with a rebound.
5:53 of 1st period - Jordan LaVallee is hit by Frank Vatrano and loses puck.
6:38 of 1st period - Chase De Leo is hit by Sebastian Wannstrom and loses puck.
6:59 of 1st period - Wrist shot by Nikolay Goldobin.
6:59 of 1st period - Shot Misses the Net.
7:01 of 1st period - Snap shot by Nikolay Goldobin.
7:01 of 1st period - Stopped by Connor Knapp without a rebound.
7:02 of 1st period - Dominik Kahun wins face-off versus Roman Horak in Little Stars zone.
7:53 of 1st period - Snap shot by Carl Grundstrom.
7:53 of 1st period - Shot Misses the Net.
7:55 of 1st period - Slapshot by Erik Cernak.
7:55 of 1st period - Stopped by Connor Knapp without a rebound.
7:56 of 1st period - Dominik Kahun wins face-off versus Daniel O'regan in Little Stars zone.
8:17 of 1st period - Minor Penalty to Daniel O'regan for Interference.
8:18 of 1st period - Miro Aaltonen wins face-off versus Jason Dickinson in Little Stars zone.
8:52 of 1st period - Slapshot by Troy Stetcher.
8:52 of 1st period - Stopped by Connor Knapp with a rebound.
10:17 of 1st period - Penalty to Daniel O'regan is over, Daniel O'regan is back on ice.
11:44 of 1st period - Off-side.
11:45 of 1st period - Jason Dickinson wins face-off versus Chase De Leo in neutral zone.
12:08 of 1st period - Ludwig Bystrom is hit by Ilya Mikheyev and loses puck.
13:51 of 1st period - Slapshot by Miro Aaltonen.
13:51 of 1st period - Deflect By Anton Cederholm.
13:51 of 1st period - Shot Misses the Net.
13:51 of 1st period - Puck is out of play.
13:52 of 1st period - Daniel O'regan wins face-off versus Iiro Pakarinen in Little Stars zone.
14:07 of 1st period - Snap shot by Dominik Kahun.
14:07 of 1st period - Stopped by Connor Knapp with a rebound.
14:21 of 1st period - Slapshot by Joakim Nygard.
14:21 of 1st period - Shot Misses the Net.
14:35 of 1st period - Slapshot by Dominik Kahun.
14:35 of 1st period - Shot Misses the Net.
14:37 of 1st period - Slapshot by Vladislav Gavrikov.
14:37 of 1st period - Stopped by Connor Knapp with a rebound.
14:45 of 1st period - Wrist shot by Iiro Pakarinen.
14:45 of 1st period - Shot Misses the Net.
14:47 of 1st period - Backhand shot by Iiro Pakarinen.
14:47 of 1st period - Stopped by Connor Knapp without a rebound.
14:48 of 1st period - Miro Aaltonen wins face-off versus Daniel O'regan in Little Stars zone.
15:03 of 1st period - Slapshot by Miro Aaltonen.
15:03 of 1st period - Shot Blocked by Eric Knodel.
15:13 of 1st period - Mirco Mueller is hit by Henrik Borgstrom and loses puck.
16:17 of 1st period - Wrist shot by Jordan LaVallee.
16:17 of 1st period - Stopped by Filip Gustavsson without a rebound.
16:18 of 1st period - Andrew Mangiapane wins face-off versus Daniel O'regan in Moose zone.
16:29 of 1st period - Wrist shot by Jordan LaVallee.
16:29 of 1st period - Shot Blocked by Ludwig Bystrom.
16:31 of 1st period - Slapshot by Reece Willcox.
16:31 of 1st period - Shot Misses the Net.
16:33 of 1st period - Wrist shot by Daniel O'regan.
16:33 of 1st period - Shot Misses the Net.
16:43 of 1st period - Henrik Borgstrom is hit by Frank Vatrano.
16:49 of 1st period - Tucker Poolman is hit by Miro Aaltonen and loses puck.
17:10 of 1st period - Wrist shot by Roman Horak.
17:10 of 1st period - Deflect By Michael Mersch.
17:10 of 1st period - Stopped by Filip Gustavsson with a rebound.
17:16 of 1st period - Matt Luff is hit by Erik Cernak and loses puck.
17:26 of 1st period - Off-side.
17:27 of 1st period - Rem Pitlick wins face-off versus Daniel O'regan in neutral zone.
17:42 of 1st period - Anton Cederholm is hit by Carl Grundstrom.
17:52 of 1st period - Troy Stetcher is hit by Sebastian Wannstrom and loses puck.
18:43 of 1st period - Erik Cernak is hit by Tyler Wotherspoon and loses puck.
19:17 of 1st period - Nikolay Goldobin is hit by Tucker Poolman and loses puck.
19:29 of 1st period - Minor Penalty to Tucker Poolman for Roughing.
19:30 of 1st period - Daniel O'regan wins face-off versus Miro Aaltonen in Little Stars zone.
19:44 of 1st period - Slapshot by Troy Stetcher.
19:44 of 1st period - Shot Blocked by Anton Cederholm.
19:46 of 1st period - Wrist shot by Miro Aaltonen.
19:46 of 1st period - Shot Blocked by Tyler Wotherspoon.
Goals for this period are 1 for Little Stars vs 0 for Moose.
Shots for this period are 6 for Little Stars vs 12 for Moose.
2nd period
0:01 of 2nd period - Daniel O'regan wins face-off versus Miro Aaltonen in neutral zone.
0:03 of 2nd period - Off-side.
0:04 of 2nd period - Daniel O'regan wins face-off versus Miro Aaltonen in neutral zone.
0:07 of 2nd period - Troy Stetcher is hit by Daniel O'regan and loses puck.
0:38 of 2nd period - Wrist shot by Henrik Borgstrom.
0:38 of 2nd period - Deflect By Adam Tambellini.
0:38 of 2nd period - Stopped by Filip Gustavsson without a rebound.
0:39 of 2nd period - Miro Aaltonen wins face-off versus Daniel O'regan in Moose zone.
0:54 of 2nd period - Snap shot by Frank Vatrano.
0:54 of 2nd period - Stopped by Connor Knapp without a rebound.
0:55 of 2nd period - Daniel O'regan wins face-off versus Miro Aaltonen in Little Stars zone.
1:29 of 2nd period - Penalty to Tucker Poolman is over, Tucker Poolman is back on ice.
1:29 of 2nd period - Wrist shot by Dominik Kahun.
1:29 of 2nd period - Stopped by Connor Knapp without a rebound.
1:30 of 2nd period - Daniel O'regan wins face-off versus Dominik Kahun in Little Stars zone.
1:55 of 2nd period - Frank Vatrano is hit by Henrik Borgstrom.
2:58 of 2nd period - Icing by Reece Willcox.
2:59 of 2nd period - Dominik Kahun wins face-off versus Daniel O'regan in Little Stars zone.
3:22 of 2nd period - Jordan LaVallee is hit by Iiro Pakarinen and loses puck.
3:39 of 2nd period - Slapshot by Jordan LaVallee.
3:39 of 2nd period - Stopped by Filip Gustavsson with a rebound.
3:41 of 2nd period - Snap shot by Jordan LaVallee.
3:41 of 2nd period - Stopped by Filip Gustavsson without a rebound.
3:42 of 2nd period - Henrik Borgstrom wins face-off versus Miro Aaltonen in Moose zone.
3:45 of 2nd period - Snap shot by Sebastian Wannstrom.
3:45 of 2nd period - Shot Misses the Net.
4:07 of 2nd period - Troy Stetcher is hit by Tucker Poolman and loses puck.
5:10 of 2nd period - Henrik Borgstrom is hit by Dominik Kahun and loses puck.
5:23 of 2nd period - Snap shot by Iiro Pakarinen.
5:23 of 2nd period - Shot Blocked by Sebastian Wannstrom.
5:35 of 2nd period - Wrist shot by Chase De Leo.
5:35 of 2nd period - Stopped by Connor Knapp with a rebound.
5:37 of 2nd period - Snap shot by Mirco Mueller.
5:37 of 2nd period - Shot Misses the Net.
6:00 of 2nd period - Wrist shot by Jordan LaVallee.
6:00 of 2nd period - Shot Blocked by Rem Pitlick.
6:02 of 2nd period - Slapshot by Jordan LaVallee.
6:02 of 2nd period - Stopped by Filip Gustavsson with a rebound.
6:04 of 2nd period - Slapshot by Daniel O'regan.
6:04 of 2nd period - Shot Blocked by Pierre-Luc Dubois.
6:06 of 2nd period - Wrist shot by Ilya Mikheyev.
6:06 of 2nd period - Stopped by Filip Gustavsson with a rebound.
6:15 of 2nd period - Off-side.
6:16 of 2nd period - Miro Aaltonen wins face-off versus Jason Dickinson in neutral zone.
6:21 of 2nd period - Snap shot by Miro Aaltonen.
6:21 of 2nd period - Shot Blocked by Tucker Poolman.
6:29 of 2nd period - Slapshot by Zach Budish.
6:29 of 2nd period - Stopped by Filip Gustavsson without a rebound.
6:30 of 2nd period - Ilya Mikheyev wins face-off versus Dominik Kahun in Moose zone.
6:31 of 2nd period - Wrist shot by Daniel O'regan.
6:31 of 2nd period - Deflect By Ilya Mikheyev.
6:31 of 2nd period - Shot Misses the Net.
6:31 of 2nd period - Puck is out of play.
6:32 of 2nd period - Daniel O'regan wins face-off versus Dominik Kahun in Moose zone.
6:46 of 2nd period - Off-side.
6:47 of 2nd period - Miro Aaltonen wins face-off versus Henrik Borgstrom in neutral zone.
6:52 of 2nd period - Wrist shot by Frank Vatrano.
6:52 of 2nd period - Stopped by Connor Knapp without a rebound.
6:53 of 2nd period - Miro Aaltonen wins face-off versus Henrik Borgstrom in Little Stars zone.
6:56 of 2nd period - Snap shot by Miro Aaltonen.
6:56 of 2nd period - Stopped by Connor Knapp with a rebound.
6:58 of 2nd period - Wrist shot by Nathan Walker.
6:58 of 2nd period - Stopped by Connor Knapp with a rebound.
7:00 of 2nd period - Wrist shot by Ludwig Bystrom.
7:00 of 2nd period - Shot Misses the Net.
7:02 of 2nd period - Snap shot by Miro Aaltonen.
7:02 of 2nd period - Stopped by Connor Knapp with a rebound.
7:04 of 2nd period - Snap shot by Frank Vatrano.
7:04 of 2nd period - Stopped by Connor Knapp without a rebound.
7:05 of 2nd period - Daniel O'regan wins face-off versus Dominik Kahun in Little Stars zone.
7:20 of 2nd period - Slapshot by Dominik Kahun.
7:20 of 2nd period - Shot Misses the Net.
7:32 of 2nd period - Frank Vatrano is hit by Jason Dickinson and loses puck.
7:45 of 2nd period - Snap shot by Jason Dickinson.
7:45 of 2nd period - Shot Misses the Net.
7:55 of 2nd period - Snap shot by Miro Aaltonen.
7:55 of 2nd period - Shot Misses the Net.
8:44 of 2nd period - Slapshot by Matt Luff.
8:44 of 2nd period - Goal by Matt Luff - Little Stars : 2 - Moose : 0.
8:45 of 2nd period - Dominik Kahun wins face-off versus Daniel O'regan in neutral zone.
8:56 of 2nd period - Snap shot by Dominik Kahun.
8:56 of 2nd period - Stopped by Connor Knapp with a rebound.
8:58 of 2nd period - Slapshot by Vladislav Gavrikov.
8:58 of 2nd period - Stopped by Connor Knapp without a rebound.
8:59 of 2nd period - Miro Aaltonen wins face-off versus Henrik Borgstrom in Little Stars zone.
9:14 of 2nd period - Snap shot by Henrik Borgstrom.
9:14 of 2nd period - Shot Misses the Net.
9:24 of 2nd period - Daniel O'regan is hit by Andrew Mangiapane.
9:30 of 2nd period - Slapshot by Ilya Mikheyev.
9:30 of 2nd period - Goal by Ilya Mikheyev - Little Stars : 3 - Moose : 0.
9:31 of 2nd period - Daniel O'regan wins face-off versus Dominik Kahun in neutral zone.
10:09 of 2nd period - Wrist shot by Adam Tambellini.
10:09 of 2nd period - Stopped by Filip Gustavsson without a rebound.
10:10 of 2nd period - Jason Dickinson wins face-off versus Dominik Kahun in Moose zone.
10:11 of 2nd period - Slapshot by Joakim Nygard.
10:11 of 2nd period - Shot Misses the Net.
10:23 of 2nd period - Slapshot by Dominik Kahun.
10:23 of 2nd period - Shot Blocked by Joakim Nygard.
10:25 of 2nd period - Snap shot by Andrew Mangiapane.
10:25 of 2nd period - Shot Blocked by Zach Budish.
10:53 of 2nd period - Rem Pitlick is hit by Zach Budish.
11:04 of 2nd period - Slapshot by Eric Knodel.
11:04 of 2nd period - Stopped by Filip Gustavsson with a rebound.
11:06 of 2nd period - Slapshot by Jason Dickinson.
11:06 of 2nd period - Stopped by Filip Gustavsson with a rebound.
11:08 of 2nd period - Wrist shot by Jason Dickinson.
11:08 of 2nd period - Deflect By Frank Vatrano.
11:08 of 2nd period - Shot Misses the Net.
11:08 of 2nd period - Puck is out of play.
11:09 of 2nd period - Daniel O'regan wins face-off versus Dominik Kahun in Moose zone.
11:12 of 2nd period - Snap shot by Jordan LaVallee.
11:12 of 2nd period - Shot Blocked by Vladislav Gavrikov.
11:34 of 2nd period - Adam Tambellini is hit by Nathan Walker and loses puck.
11:41 of 2nd period - Slapshot by Miro Aaltonen.
11:41 of 2nd period - Shot Blocked by Adam Tambellini.
11:43 of 2nd period - Wrist shot by Miro Aaltonen.
11:43 of 2nd period - Shot Misses the Net.
11:45 of 2nd period - Slapshot by Mirco Mueller.
11:45 of 2nd period - Shot Blocked by Henrik Borgstrom.
11:47 of 2nd period - Slapshot by Mirco Mueller.
11:47 of 2nd period - Stopped by Connor Knapp with a rebound.
12:06 of 2nd period - Troy Stetcher is hit by Tucker Poolman and loses puck.
12:33 of 2nd period - Reece Willcox is hit by Carl Grundstrom and loses puck.
12:50 of 2nd period - Wrist shot by Ilya Mikheyev.
12:50 of 2nd period - Shot Misses the Net.
12:54 of 2nd period - Snap shot by Daniel O'regan.
12:54 of 2nd period - Shot Blocked by Frank Vatrano.
12:56 of 2nd period - Slapshot by Reece Willcox.
12:56 of 2nd period - Deflect By Ilya Mikheyev.
12:56 of 2nd period - Stopped by Filip Gustavsson with a rebound.
12:58 of 2nd period - Wrist shot by Daniel O'regan.
12:58 of 2nd period - Shot Blocked by Miro Aaltonen.
13:00 of 2nd period - Slapshot by Reece Willcox.
13:00 of 2nd period - Stopped by Filip Gustavsson with a rebound.
13:02 of 2nd period - Snap shot by Reece Willcox.
13:02 of 2nd period - Shot Blocked by Miro Aaltonen.
13:04 of 2nd period - Snap shot by Jordan LaVallee.
13:04 of 2nd period - Shot Misses the Net.
13:06 of 2nd period - Snap shot by Jordan LaVallee.
13:06 of 2nd period - Shot Misses the Net.
13:08 of 2nd period - Wrist shot by Daniel O'regan.
13:08 of 2nd period - Shot Misses the Net.
13:10 of 2nd period - Snap shot by Tucker Poolman.
13:10 of 2nd period - Shot Blocked by Erik Cernak.
13:12 of 2nd period - Snap shot by Daniel O'regan.
13:12 of 2nd period - Stopped by Filip Gustavsson with a rebound.
13:14 of 2nd period - Slapshot by Reece Willcox.
13:14 of 2nd period - Deflect By Daniel O'regan.
13:14 of 2nd period - Stopped by Filip Gustavsson with a rebound.
13:16 of 2nd period - Snap shot by Ilya Mikheyev.
13:16 of 2nd period - Shot Misses the Net.
13:20 of 2nd period - Snap shot by Daniel O'regan.
13:20 of 2nd period - Stopped by Filip Gustavsson without a rebound.
13:21 of 2nd period - Henrik Borgstrom wins face-off versus Dominik Kahun in Moose zone.
13:32 of 2nd period - Slapshot by Adam Tambellini.
13:32 of 2nd period - Shot Misses the Net.
13:34 of 2nd period - Slapshot by Eric Knodel.
13:34 of 2nd period - Shot Misses the Net.
13:42 of 2nd period - Minor Penalty to Ludwig Bystrom for Hooking.
13:43 of 2nd period - Frank Vatrano wins face-off versus Henrik Borgstrom in Moose zone.
13:56 of 2nd period - Wrist shot by Frank Vatrano.
13:56 of 2nd period - Deflect By Nikolay Goldobin.
13:56 of 2nd period - Goal by Nikolay Goldobin - Little Stars : 3 - Moose : 1.
13:57 of 2nd period - Daniel O'regan wins face-off versus Nikolay Goldobin in neutral zone.
14:28 of 2nd period - Slapshot by Tyler Wotherspoon.
14:28 of 2nd period - Shot Misses the Net.
14:30 of 2nd period - Backhand shot by Tyler Wotherspoon.
14:30 of 2nd period - Stopped by Filip Gustavsson with a rebound.
14:32 of 2nd period - Snap shot by Henrik Borgstrom.
14:32 of 2nd period - Goal by Henrik Borgstrom - Little Stars : 4 - Moose : 1.
14:33 of 2nd period - Dominik Kahun wins face-off versus Daniel O'regan in neutral zone.
15:38 of 2nd period - Icing by Ludwig Bystrom.
15:39 of 2nd period - Jason Dickinson wins face-off versus Chase De Leo in Moose zone.
16:13 of 2nd period - Wrist shot by Sebastian Wannstrom.
16:13 of 2nd period - Shot Misses the Net.
16:15 of 2nd period - Slapshot by Anton Cederholm.
16:15 of 2nd period - Stopped by Filip Gustavsson with a rebound.
16:17 of 2nd period - Slapshot by Anton Cederholm.
16:17 of 2nd period - Deflect By Henrik Borgstrom.
16:17 of 2nd period - Shot Misses the Net.
16:17 of 2nd period - Puck is out of play.
16:18 of 2nd period - Jason Dickinson wins face-off versus Miro Aaltonen in Moose zone.
16:29 of 2nd period - Wrist shot by Frank Vatrano.
16:29 of 2nd period - Stopped by Connor Knapp with a rebound.
16:31 of 2nd period - Wrist shot by Frank Vatrano.
16:31 of 2nd period - Shot Misses the Net.
16:33 of 2nd period - Wrist shot by Nathan Walker.
16:33 of 2nd period - Goal by Nathan Walker - Little Stars : 4 - Moose : 2.
16:34 of 2nd period - Daniel O'regan wins face-off versus Dominik Kahun in neutral zone.
16:49 of 2nd period - Snap shot by Dominik Kahun.
16:49 of 2nd period - Stopped by Connor Knapp without a rebound.
16:50 of 2nd period - Miro Aaltonen wins face-off versus Henrik Borgstrom in Little Stars zone.
16:51 of 2nd period - Snap shot by Frank Vatrano.
16:51 of 2nd period - Stopped by Connor Knapp with a rebound.
17:06 of 2nd period - Slapshot by Eric Knodel.
17:06 of 2nd period - Shot Hit the Post.
17:40 of 2nd period - Snap shot by Rem Pitlick.
17:40 of 2nd period - Shot Misses the Net.
18:41 of 2nd period - Daniel O'regan is hit by Andrew Mangiapane and loses puck.
18:53 of 2nd period - Icing by Reece Willcox.
18:54 of 2nd period - Daniel O'regan wins face-off versus Rem Pitlick in Little Stars zone.
19:43 of 2nd period - Slapshot by Reece Willcox.
19:43 of 2nd period - Deflect By Joakim Nygard.
19:43 of 2nd period - Stopped by Filip Gustavsson with a rebound.
19:45 of 2nd period - Wrist shot by Jason Dickinson.
19:45 of 2nd period - Stopped by Filip Gustavsson with a rebound.
19:47 of 2nd period - Snap shot by Tucker Poolman.
19:47 of 2nd period - Shot Misses the Net.
19:49 of 2nd period - Wrist shot by Joakim Nygard.
19:49 of 2nd period - Deflect By Zach Budish.
19:49 of 2nd period - Stopped by Filip Gustavsson without a rebound.
19:50 of 2nd period - Oskar Lindblom wins face-off versus Henrik Borgstrom in Moose zone.
19:54 of 2nd period - Off-side.
19:55 of 2nd period - Henrik Borgstrom wins face-off versus Chase De Leo in neutral zone.
Goals for this period are 3 for Little Stars vs 2 for Moose.
Shots for this period are 22 for Little Stars vs 16 for Moose.
3rd period
0:01 of 3rd period - Dominik Kahun wins face-off versus Daniel O'regan in neutral zone.
0:04 of 3rd period - Slapshot by Ludwig Bystrom.
0:04 of 3rd period - Stopped by Connor Knapp with a rebound.
0:56 of 3rd period - Slapshot by Mirco Mueller.
0:56 of 3rd period - Deflect By Zach Budish.
0:56 of 3rd period - Stopped by Connor Knapp without a rebound.
0:57 of 3rd period - Dominik Kahun wins face-off versus Daniel O'regan in Little Stars zone.
1:52 of 3rd period - Wrist shot by Joakim Nygard.
1:52 of 3rd period - Shot Blocked by Carl Grundstrom.
1:54 of 3rd period - Slapshot by Ville Pokka.
1:54 of 3rd period - Stopped by Filip Gustavsson with a rebound.
2:00 of 3rd period - Penalty Shot by Vladislav Gavrikov for Moose.
2:00 of 3rd period - Snap shot by Vladislav Gavrikov.
2:00 of 3rd period - Shot Misses the Net.
2:01 of 3rd period - Daniel O'regan wins face-off versus Dominik Kahun in Moose zone.
2:30 of 3rd period - Wrist shot by Nikolay Goldobin.
2:30 of 3rd period - Shot Hit the Post.
2:32 of 3rd period - Slapshot by Ludwig Bystrom.
2:32 of 3rd period - Stopped by Connor Knapp without a rebound.
2:33 of 3rd period - Chase De Leo wins face-off versus Adam Tambellini in Little Stars zone.
2:59 of 3rd period - Wrist shot by Oskar Lindblom.
2:59 of 3rd period - Stopped by Connor Knapp without a rebound.
3:00 of 3rd period - Dominik Kahun wins face-off versus Jason Dickinson in Little Stars zone.
4:08 of 3rd period - Snap shot by Roman Horak.
4:08 of 3rd period - Shot Misses the Net.
4:30 of 3rd period - Wrist shot by Iiro Pakarinen.
4:30 of 3rd period - Stopped by Connor Knapp with a rebound.
4:32 of 3rd period - Snap shot by Erik Cernak.
4:32 of 3rd period - Deflect By Iiro Pakarinen.
4:32 of 3rd period - Shot Misses the Net.
4:32 of 3rd period - Puck is out of play.
4:33 of 3rd period - Jason Dickinson wins face-off versus Dominik Kahun in Little Stars zone.
4:33 of 3rd period - Jason Dickinson is hit by Andrew Mangiapane.
4:51 of 3rd period - Wrist shot by Jason Dickinson.
4:51 of 3rd period - Stopped by Filip Gustavsson without a rebound.
4:52 of 3rd period - Miro Aaltonen wins face-off versus Daniel O'regan in Moose zone.
4:52 of 3rd period - Miro Aaltonen is hit by Anton Cederholm.
5:14 of 3rd period - Icing by Eric Knodel.
5:15 of 3rd period - Dominik Kahun wins face-off versus Henrik Borgstrom in Little Stars zone.
5:16 of 3rd period - Slapshot by Troy Stetcher.
5:16 of 3rd period - Stopped by Connor Knapp with a rebound.
5:18 of 3rd period - Slapshot by Mirco Mueller.
5:18 of 3rd period - Stopped by Connor Knapp with a rebound.
5:40 of 3rd period - Jordan LaVallee is hit by Frank Vatrano and loses puck.
6:17 of 3rd period - Tucker Poolman is hit by Pierre-Luc Dubois and loses puck.
6:42 of 3rd period - Slapshot by Joakim Nygard.
6:42 of 3rd period - Shot Misses the Net.
6:44 of 3rd period - Slapshot by Reece Willcox.
6:44 of 3rd period - Deflect By Joakim Nygard.
6:44 of 3rd period - Shot Misses the Net.
6:44 of 3rd period - Puck is out of play.
6:45 of 3rd period - Dominik Kahun wins face-off versus Daniel O'regan in Moose zone.
6:54 of 3rd period - Slapshot by Dominik Kahun.
6:54 of 3rd period - Stopped by Connor Knapp without a rebound.
6:55 of 3rd period - Dominik Kahun wins face-off versus Daniel O'regan in Little Stars zone.
7:20 of 3rd period - Wrist shot by Ilya Mikheyev.
7:20 of 3rd period - Stopped by Filip Gustavsson with a rebound.
7:22 of 3rd period - Snap shot by Ilya Mikheyev.
7:22 of 3rd period - Shot Blocked by Andrew Mangiapane.
7:24 of 3rd period - Snap shot by Ilya Mikheyev.
7:24 of 3rd period - Stopped by Filip Gustavsson without a rebound.
7:25 of 3rd period - Henrik Borgstrom wins face-off versus Miro Aaltonen in Moose zone.
7:28 of 3rd period - Slapshot by Adam Tambellini.
7:28 of 3rd period - Goal by Adam Tambellini - Little Stars : 5 - Moose : 2.
7:29 of 3rd period - Miro Aaltonen wins face-off versus Daniel O'regan in neutral zone.
7:56 of 3rd period - Adam Tambellini is hit by Troy Stetcher.
8:04 of 3rd period - Snap shot by Sebastian Wannstrom.
8:04 of 3rd period - Stopped by Filip Gustavsson with a rebound.
8:20 of 3rd period - Troy Stetcher is hit by Zach Budish and loses puck.
8:39 of 3rd period - Pierre-Luc Dubois is hit by Daniel O'regan and loses puck.
8:58 of 3rd period - Backhand shot by Roman Horak.
8:58 of 3rd period - Shot Misses the Net.
9:05 of 3rd period - Off-side.
9:06 of 3rd period - Dominik Kahun wins face-off versus Daniel O'regan in neutral zone.
9:58 of 3rd period - Snap shot by Michael Mersch.
9:58 of 3rd period - Shot Blocked by Erik Cernak.
10:11 of 3rd period - Off-side.
10:12 of 3rd period - Dominik Kahun wins face-off versus Jason Dickinson in neutral zone.
10:47 of 3rd period - Slapshot by Jordan LaVallee.
10:47 of 3rd period - Shot Blocked by Mirco Mueller.
11:38 of 3rd period - Nathan Walker is hit by Zach Budish and loses puck.
12:49 of 3rd period - Slapshot by Tyler Wotherspoon.
12:49 of 3rd period - Stopped by Filip Gustavsson with a rebound.
13:02 of 3rd period - Off-side.
13:03 of 3rd period - Dominik Kahun wins face-off versus Jason Dickinson in neutral zone.
13:08 of 3rd period - Wrist shot by Iiro Pakarinen.
13:08 of 3rd period - Shot Misses the Net.
13:10 of 3rd period - Snap shot by Erik Cernak.
13:10 of 3rd period - Deflect By Dominik Kahun.
13:10 of 3rd period - Shot Blocked by Eric Knodel.
13:10 of 3rd period - Puck is out of play.
13:11 of 3rd period - Dominik Kahun wins face-off versus Daniel O'regan in Little Stars zone.
13:58 of 3rd period - Snap shot by Rem Pitlick.
13:58 of 3rd period - Shot Misses the Net.
14:00 of 3rd period - Wrist shot by Carl Grundstrom.
14:00 of 3rd period - Shot Misses the Net.
14:02 of 3rd period - Slapshot by Mirco Mueller.
14:02 of 3rd period - Shot Misses the Net.
14:24 of 3rd period - Wrist shot by Michael Mersch.
14:24 of 3rd period - Shot Misses the Net.
14:26 of 3rd period - Snap shot by Matt Luff.
14:26 of 3rd period - Shot Misses the Net.
14:28 of 3rd period - Backhand shot by Anton Cederholm.
14:28 of 3rd period - Shot Misses the Net.
14:30 of 3rd period - Wrist shot by Roman Horak.
14:30 of 3rd period - Shot Blocked by Nikolay Goldobin.
14:40 of 3rd period - Slapshot by Jordan LaVallee.
14:40 of 3rd period - Stopped by Filip Gustavsson without a rebound.
14:41 of 3rd period - Ilya Mikheyev wins face-off versus Dominik Kahun in Moose zone.
14:56 of 3rd period - Snap shot by Ilya Mikheyev.
14:56 of 3rd period - Stopped by Filip Gustavsson with a rebound.
15:32 of 3rd period - Slapshot by Tyler Wotherspoon.
15:32 of 3rd period - Stopped by Filip Gustavsson without a rebound.
15:33 of 3rd period - Daniel O'regan wins face-off versus Nikolay Goldobin in Moose zone.
15:36 of 3rd period - Wrist shot by Ilya Mikheyev.
15:36 of 3rd period - Shot Blocked by Troy Stetcher.
16:20 of 3rd period - Wrist shot by Nikolay Goldobin.
16:20 of 3rd period - Shot Misses the Net.
16:22 of 3rd period - Slapshot by Troy Stetcher.
16:22 of 3rd period - Stopped by Connor Knapp without a rebound.
16:23 of 3rd period - Sebastian Wannstrom wins face-off versus Dominik Kahun in Little Stars zone.
16:38 of 3rd period - Wrist shot by Dominik Kahun.
16:38 of 3rd period - Shot Blocked by Anton Cederholm.
16:44 of 3rd period - Minor Penalty to Anton Cederholm for Tripping.
16:45 of 3rd period - Daniel O'regan wins face-off versus Miro Aaltonen in Little Stars zone.
17:00 of 3rd period - Wrist shot by Miro Aaltonen.
17:00 of 3rd period - Stopped by Connor Knapp with a rebound.
18:44 of 3rd period - Penalty to Anton Cederholm is over, Anton Cederholm is back on ice.
19:44 of 3rd period - Icing by Erik Cernak.
19:45 of 3rd period - Daniel O'regan wins face-off versus Rem Pitlick in Moose zone.
Goals for this period are 1 for Little Stars vs 0 for Moose.
Shots for this period are 10 for Little Stars vs 10 for Moose.